 Dungeon Crawl Stone Soup version 0.31-a0-1395-g7c67ea8c80 (webtiles) character file.

Game seed: 14931001762649017858

334 Napalmbreeze the Ruffian (level 6, -2/93 HPs)
             Began as a Troll Berserker on Dec 25, 2023.
             Was a Priest of Trog.
             Splashed by a jelly's acid (7 damage)
             ... on level 4 of the Dungeon.
             The game lasted 00:09:46 (2327 turns).

Napalmbreeze the Ruffian (Troll Berserker)          Turns: 2327, Time: 00:09:46

Health: -2/93      AC: -16   Str: 28    XL:     6   Next: 27%
Magic:  5/5        EV: 10    Int:  3    God:    Trog [***...]
Gold:   93         SH:  0    Dex:  9    Spells: 5/5 levels left

rFire   . .          .
                       - Unarmed
rCold   . . .        (no shield)
rNeg    . . .        a - +0 animal skin
rPois   +            g - melded +2 hat
rElec   .            (cloak currently unavailable)
rCorr   .            (gloves unavailable)
SInv    .            (boots unavailable)
Will    .....        (no amulet) Stlth
                     d - ring of poison resistance
HPRegen 1.15/turn    (no ring)
MPRegen 0.09/turn

%: no passive effects
@: berserking, beast-form, corroded, very quick
A: beast (slay +0), large, unfitting armour, claws 3, regeneration 1, shaggy fur
1, tough skin 1
a: Begin Untransformation, Renounce Religion, Berserk, Trog's Hand


You were on level 4 of the Dungeon.
You worshipped Trog.
Trog was most pleased with you.
You were a hulking beast.
You visited 1 branch of the dungeon, and saw 4 of its levels.

You collected 159 gold pieces.
You spent 66 gold pieces at shops.

Inventory:

Hand Weapons
 f - a +1 dagger of speed
 u - the +7 short sword of the Bespelling Fox {flame, rElec rF+}
   (You took it off a hobgoblin on level 3 of the Dungeon)

   rF+:       It protects you from fire.
   rElec:     It insulates you from electricity.
Missiles
 m - 4 atropa-tipped darts
Armour
 a - a +0 animal skin (worn)
 g - a +2 hat (melded)
 j - a +0 pair of boots
Jewellery
 d - a ring of poison resistance (left claw)
 r - a ring of ice
Talismans
 i - a beast talisman (active)
Wands
 t - a wand of roots (13)
Scrolls
 b - 2 scrolls of revelation
 e - a scroll of poison
 h - a scroll of brand weapon {unknown}
 k - a scroll of fear {unknown}
 o - a scroll of noise {unknown}
 q - 5 scrolls of teleportation
 s - 2 scrolls of identify
Potions
 c - a potion of enlightenment
 l - 4 potions of curing
 n - 2 potions of heal wounds
 p - a potion of lignification
 v - a potion of attraction {unknown}


   Skills:
 + Level 3.7 Fighting
 - Level 2.4 Dodging
 * Level 5.8 Unarmed Combat
 + Level 1.4 Shapeshifting


You had 5 spell levels left.
You didn't know any spells.
Your spell library was empty.

Dungeon Overview and Level Annotations

Branches:
Dungeon (4/15)
 Temple: D:4-7

Altars:
Trog
The Shining One

Shops:
D:1 (   D:2 :   D:3 [[!=!


Innate Abilities, Weirdness & Mutations

You are a hulking beast.
Your limbs bulge with bestial killing power. (Slay +0)
You are too large for most types of armour.
You have claws for hands.
Your natural rate of healing is unusually fast.
You are covered in fur. (AC +1)
You have tough skin. (AC +1)


Message History

A jackal comes into view. x2
The jackal barks!
You scratch the jelly.
Your claws burn!
The jelly is moderately wounded.
The jelly hits you. The acid corrodes you!
You are splashed with acid!
You scratch the jelly. The acid corrodes you!
Your claws burn!
The jelly is moderately wounded.
The jelly hits you. The acid corrodes you!
You are splashed with acid!
You scratch the jelly but do no damage.
Your claws burn!
The jelly is moderately wounded.
The jelly attacks as it pursues you! The jelly misses you.
You scratch the jelly but do no damage.
Your claws burn!
The jelly is moderately wounded.
The jelly closely misses you.
You scratch the jelly but do no damage.
Your claws burn!
The jelly is moderately wounded.
The jelly hits you. The acid corrodes you!
You are splashed with acid!
Press: ? - help, v - describe, . - travel
Here: a jelly (moderately wounded)
The floor.
The jelly attacks as it pursues you! The jelly hits you.
You are splashed with acid!
The jelly attacks as it pursues you! The jelly hits you.
You are splashed with acid!
* * * LOW HITPOINT WARNING * * *
Press: ? - help, v - describe, . - travel The floor.
The jelly attacks as it pursues you! The jelly hits you.
You are splashed with acid!
* * * LOW HITPOINT WARNING * * *
The jelly jiggles.
The jelly attacks as it pursues you! The jelly hits you.
* * * LOW HITPOINT WARNING * * *
The acid corrodes you!
You are splashed with acid!
* * * LOW HITPOINT WARNING * * *
A red film seems to cover your vision as you go berserk!
You feel yourself moving faster!
You feel mighty! The jelly hits you.
* * * LOW HITPOINT WARNING * * *
The acid corrodes you!
You are splashed with acid!
You die...

##.(.#.# ##.##.# #.#
#>##.# #.# ##.##.#
#.# ######...#(# #.#
#......#...######.#
###...##.....)......#
#.......#.#.#######.#
#......Jh...# #<#
#......h#.### #.#
#..).h###.# #.# #
#.#...# #.# #.# #
##.##.## #.# #.# #
#.....# #.# #.# #
#.h#### #.# #.# #
#####..# ..# #.# #
#....h.#


You could see a jelly and 2 jackals.

Vanquished Creatures
  Sigmund (D:3)
  Terence (D:2)
  An orc wizard (D:2)
  3 adders
  2 worms
  3 dart slugs
  8 orcs
  7 ball pythons
  6 endoplasms
  A giant cockroach (D:1)
  6 hobgoblins
  5 jackals
  A quokka (D:1)
  2 bats
  4 frilled lizards
  13 goblins
  6 kobolds
  6 rats
76 creatures vanquished.

Notes
Turn   | Place    | Note
-------+----------+-------------------------------------------
     0 | D:1      | Napalmbreeze the Troll Berserker began the quest for the
                  | Orb.
     0 | D:1      | Reached XP level 1. HP: 22/22 MP: 0/0
   235 | D:1      | Reached XP level 2. HP: 29/29 MP: 1/1
   307 | D:1      | Found Dubrig's Weapon Boutique.
   821 | D:2      | Reached ** piety under Trog
   853 | D:2      | Reached XP level 3. HP: 36/36 MP: 2/2
   896 | D:2      | Reached skill level 4 in Unarmed Combat
  1051 | D:2      | Noticed Terence
  1058 | D:2      | Killed Terence
  1059 | D:2      | Reached XP level 4. HP: 45/45 MP: 3/3
  1092 | D:2      | Found Xakue's Book Shop.
  1405 | D:3      | Noticed Sigmund
  1456 | D:3      | Found Laurynok's Distillery.
  1558 | D:3      | Bought a potion of enlightenment for 55 gold pieces
  1558 | D:3      | Bought a potion of degeneration for 11 gold pieces
  1598 | D:3      | Found a glowing golden altar of the Shining One.
  1629 | D:3      | Found Zuqufik's Distillery.
  1658 | D:3      | Found Bushrasmo's Armour Boutique.
  1659 | D:3      | Found a bloodstained altar of Trog.
  1664 | D:3      | Reached skill level 5 in Unarmed Combat
  1718 | D:3      | Reached XP level 5. HP: 39/53 MP: 4/4
  1745 | D:3      | Found Kunt's Antique Armour Boutique.
  1875 | D:3      | Killed Sigmund
  1876 | D:3      | Reached skill level 1 in Shapeshifting
  1876 | D:3      | Reached XP level 6. HP: 62/62 MP: 5/5
  1946 | D:3      | Identified the +7 short sword of the Bespelling Fox {flame,
                  | rElec rF+}
  1953 | D:3      | Reached *** piety under Trog
  2055 | D:3      | Found Okhommogg's Jewellery Shop.
  2237 | D:4      | Identified the +2 war axe "Orb Guardian's Foe" {drain,
                  | Will+ Dex+6}
  2327 | D:4      | Splashed by a jelly's acid

Illustrated notes

Levels and vault maps discovered:
D:1:      onia_arrival_pentagram, layout_loops_corners, serial_shops,
          nicolae_shop_behind_doors
D:2:      layout_basic, serial_shops, nicolae_shop_gibbet_a_chance,
          nicolae_wormholes, uniq_terence
D:3:      layout_rooms, bloody_trog, tso_altar, serial_shops,
          nicolae_shop_statue_plus, nicolae_shop_statue_plus, shop, shop, shop,
          guppyfry_early_orc_mine, uniq_sigmund
D:4:      layout_loops_ring, uniq_blork_the_orc

Skill      XL: |  1  2  3  4  5 |
---------------+----------------+-----
Unarmed Combat | 4 5 |  5.8
Fighting       | 3 |  3.7
Shapeshifting  | 1 |  1.4
Dodging        | |  2.4

Action                     |  1- 3 |  4- 6 || total
---------------------------+-------+-------++-------
  Melee: Unarmed           |    78 |    99 ||   177
         Punch             |     1 |     3 ||     4
 Invoke: Berserk           |     1 |     3 ||     4
    Use: Scroll            |       |     7 ||     7
 Armour: Animal skin       |    41 |    60 ||   101
  Dodge: Dodged            |    30 |    43 ||    73
   Form: Beast             |     1 |       ||     1

Table legend: (Time is in decaauts)
 A = Elapsed time spent in this place.
 B = Non-inter-level travel time spent in this place.
 C = Inter-level travel time spent in this place.
 D = Time resting spent in this place.
 E = Time spent auto-exploring this place.
 F = Levels seen in this place.
 G = Mean time per level.
                   A        B        C        D        E       F      G
               +--------+--------+--------+--------+--------+-----+--------+
         Total |   2335 |   2110 |    225 |     80 |   1302 |   4 |  583.8 |
       Dungeon |   2335 |   2110 |    225 |     80 |   1302 |   4 |  583.8 |
               +--------+--------+--------+--------+--------+-----+--------+

Top non-repeatable levels by time:
     D:1: 810 daAuts
     D:2: 721 daAuts
     D:3: 563 daAuts
     D:4: 240 daAuts
